 Dungeon Crawl Stone Soup version 0.29.1-15-g9cfb28693d (webtiles) character file.

Game seed: 16739951744182579861

127 devnull the Poker (level 5, -2/38 HPs)
             Began as a Merfolk Gladiator on Mar 5, 2023.
             Killed from afar by an orc wizard (9 damage)
             ... with a puff of flame
             ... on level 3 of the Dungeon on Mar 7, 2023.
             The game lasted 00:05:32 (2538 turns).

devnull the Poker (Merfolk Gladiator)               Turns: 2538, Time: 00:05:32

Health: -2/38      AC:  6    Str: 15    XL:     5   Next: 11%
Magic:  4/4        EV: 13    Int: 12    God:
Gold:   100        SH:  0    Dex: 14    Spells: 4/4 levels left

rFire   . . .      SeeInvis .   a - +0 trident
rCold   . . .      Faith    .   (no shield)
rNeg    + . .      Spirit   .   b - +0 leather armour
rPois   .          Reflect  .   c - +0 helmet
rElec   .          Harm     .   p - +0 cloak
rCorr   .          Rampage  .   (no gloves)
Will    .....                   s - +0 pair of boots
Stlth   +.........              (no amulet)
HPRegen 0.12/turn               g - ring of positive energy
MPRegen 0.09/turn               q - ring of flight

@: confused, flying
A: (nimble swimmer 2), mertail, clever 1, low MP 1
a: no special abilities


You were on level 3 of the Dungeon.
You visited 1 branch of the dungeon, and saw 3 of its levels.

You collected 100 gold pieces.

Inventory:

Hand Weapons
 a - a +0 trident (weapon)
Missiles
 d - a throwing net (quivered)
 n - 4 boomerangs
 u - 4 poisoned darts
Armour
 b - a +0 leather armour (worn)
 c - a +0 helmet (worn)
 p - a +0 cloak (worn)
 s - a +0 pair of boots (worn)
Jewellery
 g - a ring of positive energy (left hand)
 k - a ring of ice
 q - a ring of flight (right hand)
Scrolls
 f - 2 scrolls of teleportation
 h - 2 scrolls of blinking
 i - a scroll of identify {unknown}
 j - a scroll of enchant weapon {unknown}
 l - a scroll of fear {unknown}
 m - a scroll of immolation {unknown}
 o - a scroll of noise {unknown}
 v - a scroll of poison {unknown}
Potions
 r - a potion of degeneration {unknown}
 t - a potion of might {unknown}


   Skills:
 - Level 2.1 Fighting
 + Level 7.5 Polearms
 - Level 2.0 Throwing
 - Level 4.0 Dodging


You had 4 spell levels left.
You didn't know any spells.
Your spell library contained the following spells:

 Spells                   Type           Power      Damage    Failure   Level
 Summon Guardian Golem    Hex/Summ       0%         N/A       77%         3
 Orb of Destruction       Conj           0%         9d5       100%        7
 Spellforged Servitor     Conj/Summ      0%         N/A       100%        7


Dungeon Overview and Level Annotations

Branches:
Dungeon (3/15)

Altars:
Elyvilon


Innate Abilities, Weirdness & Mutations

((You are very nimble when in or above water. (Stealth+, EV+, Speed+++)))
Your lower body shifts to a powerful aquatic tail in water.
Your mind is acute. (Int +4, Str/Dex -1)
Your magical capacity is low. (-10% MP)


Message History

* * * LOW HITPOINT WARNING * * *
You closely miss something. You hit something but do no damage.
You hear some strange, mumbled words.
Something tries to affect you, but you resist.
You miss something. Something hits you.
* * * LOW HITPOINT WARNING * * *
Okay, then.
Unknown command.
Throw: 3 throwing nets
Press: ? - help, Shift-Dir - straight line, f/p - orc
Aim: an orc, wielding a +0 falchion and wearing a +0 chain mail (heavily wounded, 68% to hit)
You throw a throwing net. The throwing net hits the orc.
The orc is caught in the net!
The orc is heavily wounded.
The orc struggles against the net.
Something hits you but does no damage.
You hit something but do no damage.
The orc struggles against the net.
Something hits you but does no damage.
Throw: 2 throwing nets
Press: ? - help, Shift-Dir - straight line, f/p - orc
Aim: an orc, wielding a +0 falchion and wearing a +0 chain mail (heavily wounded, entangled in a net, 93% to hit)
Okay, then.
Throw: 2 throwing nets
Press: ? - help, Shift-Dir - straight line, f/p - orc
Aim: an orc, wielding a +0 falchion and wearing a +0 chain mail (heavily wounded, entangled in a net, 93% to hit)
You throw a throwing net.
Something gets caught in the net!
The orc struggles against the net.
You hear some strange, mumbled words.
You are confused.
Something wriggles in the net.
You bump into the rock wall.
The orc struggles against the net.
The orc struggles against the net.
Something wriggles in the net.
The orc struggles against the net.
The net rips apart, and the orc comes free!
Something wriggles in the net.
You bump into the rock wall.
You hear some strange, mumbled words.
A puff of flame appears from out of thin air!
The puff of flame hits you!
You die...

..............#.........
..............#........
......................#
####...####.##.....#)<#
#...# )##..#..#..# #...#
........#..# ####...##
#........# .#......#
#.###.#.##
...#....######..@{o.(#
........#......###..?.....
...####.#.####.# ########.
.#.####.#.####.#
##..........##.#
.......##.#.##.#
..<...###.#.##.# #####.#
#.. ...# #.# ###.#...


You could see an orc.

Vanquished Creatures
  4 gnolls (D:2)
  An adder (D:2)
  2 worms
  A dart slug (D:1)
  7 orcs (D:3)
  7 ball pythons
  4 bats
  5 endoplasms
  5 giant cockroaches
  2 goblins
  7 hobgoblins
  5 quokkas
  2 frilled lizards (D:2)
  5 kobolds
  4 rats
61 creatures vanquished.

Notes
Turn   | Place    | Note
-------+----------+-------------------------------------------
     0 | D:1      | devnull the Merfolk Gladiator began the quest for the Orb.
     0 | D:1      | Reached XP level 1. HP: 16/16 MP: 1/1
   254 | D:1      | Reached XP level 2. HP: 21/22 MP: 2/2
   404 | D:1      | Found a faded altar of an unknown god.
   428 | D:1      | Reached skill level 5 in Polearms
   675 | D:1      | Reached XP level 3. HP: 27/27 MP: 3/3
  1125 | D:2      | Reached skill level 6 in Polearms
  1254 | D:2      | Reached XP level 4. HP: 22/33 MP: 4/4
  1328 | D:1      | Gained mutation: Your mind is acute. (Int +4, Str/Dex -1)
                  | [potion of mutation]
  1328 | D:1      | Gained mutation: Your magical capacity is low. (-10% MP)
                  | [potion of mutation]
  1624 | D:2      | Found a white marble altar of Elyvilon.
  1737 | D:2      | Reached skill level 7 in Polearms
  2387 | D:3      | Reached XP level 5. HP: 38/38 MP: 4/4
  2538 | D:3      | Killed from afar by an orc wizard

Illustrated notes

Levels and vault maps discovered:
D:1:      tarquinn_simple_flora_water_b, layout_loops_ring,
          shapermc_ecumenical_altar_ellora, corexii_hall_statues_i
D:2:      layout_loops_ring, basic_altar, serial_bayou_pond_a,
          kennysheep_generic_room_13
D:3:      layout_loops_cross, nicolae_overflow_ecumenical_swirl,
          patterned_corridor

Skill      XL: |  1  2  3  4 |
---------------+-------------+-----
Polearms       | 5 6 7 |  7.5
Fighting       | |  2.1
Throwing       | |  2.0
Dodging        | |  4.0

Action                   |  1- 3 |  4- 6 || total
-------------------------+-------+-------++-------
Melee: Trident           |   111 |   106 ||   217
       Punch             |     1 |     1 ||     2
Throw: Throwing net      |       |     2 ||     2
       Javelin           |       |     1 ||     1
  Use: Scroll            |       |     2 ||     2
       Potion            |       |     1 ||     1
 Stab: Sleeping          |     4 |     3 ||     7
       Distracted        |       |     1 ||     1
Armor: Leather armour    |    15 |    15 ||    30
Dodge: Dodged            |    52 |    52 ||   104
